 Dungeon Crawl Stone Soup version 0.31.0-11-ge490571c62 (webtiles) character file.

Game seed: 18152172741079612809

65 qw the Shooter (level 3, 0/20 HPs)
             Began as a Deep Elf Hunter on Feb 4, 2024.
             Slain by a gnoll
             ... wielding a +0 halberd
              (3 damage)
             ... on level 3 of the Dungeon.
             The game lasted 00:00:05 (1875 turns).

qw the Shooter (Deep Elf Hunter)                    Turns: 1875, Time: 00:00:06

Health: 0/20       AC:  7    Str: 10    XL:     3   Next: 92%
Magic:  5/5        EV: 11    Int: 13    God:
Gold:   62         SH:  0    Dex: 18    Spells: 2/2 levels left

rFire   . . .        a - +0 shortbow
rCold   . . .        (shield currently unavailable)
rNeg    + . .        h - +0 ring mail
rPois   .            (no helmet)
rElec   .            (no cloak)
rCorr   .            i - +1 pair of gloves
SInv    .            (no boots)
Will    .....        (no amulet)
Stlth   +            d - ring of positive energy
HPRegen 0.23/turn    (no ring)
MPRegen 0.09/turn

%: no passive effects
@: no status effects
A: no striking features
a: no special abilities


You were on level 3 of the Dungeon.
You visited 1 branch of the dungeon, and saw 3 of its levels.

You collected 136 gold pieces.
You spent 74 gold pieces at shops.


   Skills:
 - Level 1.5 Fighting
 + Level 7.4 Ranged Weapons
 - Level 2.4 Dodging
 - Level 1.2 Stealth


You had 2 spell levels left.
You didn't know any spells.
Your spell library was empty.

Inventory:

Hand Weapons
 a - a +0 shortbow (weapon)
Armour
 h - a +0 ring mail (worn)
 i - a +1 pair of gloves (worn)
Jewellery
 d - a ring of positive energy (left hand)
Scrolls
 g - a scroll of teleportation
Potions
 k - a potion of heal wounds
 m - a potion of enlightenment

Dungeon Overview and Level Annotations

Branches:
Dungeon (3/15)

Altars:

Shops:
D:2 *([[


Message History

A gnoll comes into view. It is wielding a +0 club.
The gnoll shouts!
You hear a shout!
A gnoll comes into view. It is wielding a +0 club.
You shoot an arrow. The arrow hits the gnoll.
The gnoll is heavily wounded.
You shoot an arrow. The arrow hits the gnoll.
The gnoll is heavily wounded.
You shoot an arrow.
The arrow hits the gnoll but does no damage.
The gnoll is heavily wounded.
A gnoll comes into view. It is wielding a +0 halberd.
You shoot an arrow. The arrow closely misses the gnoll.
The arrow hits the gnoll.
The gnoll is heavily wounded.
You shoot an arrow. The arrow closely misses the gnoll.
The arrow hits the gnoll.
The gnoll is severely wounded.
The gnoll completely misses you.
You shoot an arrow. The arrow closely misses the gnoll.
The arrow completely misses the gnoll.
The gnoll closely misses you.
You shoot an arrow. The arrow hits the gnoll!
You kill the gnoll!
The gnoll barely misses you.
You shoot an arrow. The arrow hits the gnoll.
The gnoll is moderately wounded.
The gnoll closely misses you. The gnoll barely misses you.
You shoot an arrow. The arrow closely misses the gnoll.
The gnoll hits you with a +0 club. The gnoll barely misses you.
The gnoll hits you from afar with a +0 halberd!
The gnoll closely misses you.
You shoot an arrow. The arrow hits the gnoll.
The gnoll is heavily wounded.
The gnoll closely misses you. The gnoll hits you but does no damage.
You shoot an arrow.
The arrow hits the gnoll but does no damage.
The gnoll is heavily wounded.
The gnoll hits you with a +0 club.
The gnoll hits you from afar with a +0 halberd.
You die...

#.......#....
#.......#....
#............ ##
#%......(....
...#............
...#....g.......
.......g........
........@)#
...?......+
..........#
..........#
..####[...# .
#....# #.####
#.# #.#


You could see 2 gnolls.

Vanquished Creatures
  A gnoll (D:3)
  An adder (D:2)
  A ribbon worm (D:2)
  7 ball pythons
  4 endoplasms (D:1)
  A giant cockroach (D:2)
  2 goblins (D:2)
  6 hobgoblins
  2 jackals (D:1)
  2 quokkas
  4 bats (D:1)
  4 frilled lizards
  3 kobolds
  3 rats
41 creatures vanquished.

Notes
Turn   | Place    | Note
-------+----------+-------------------------------------------
     0 | D:1      | qw the Deep Elf Hunter began the quest for the Orb.
     0 | D:1      | Reached XP level 1. HP: 12/12 MP: 3/3
     0 | D:1      | 0 ||| qw: Version: 0.3-a-160-g6735b56
     0 | D:1      | 0 ||| qw: Game counter: 5615
     0 | D:1      | 0 ||| qw: Melee chars always use a shield: true
     0 | D:1      | 0 ||| qw: God list: Okawaru
     0 | D:1      | 0 ||| qw: Allow faded altars: false
     0 | D:1      | 0 ||| qw: Do Orc after clearing Dungeon:15 true
     0 | D:1      | 0 ||| qw: Do second Lair branch before Depths: true
     0 | D:1      | 0 ||| qw: Lair rune preference: random
     0 | D:1      | 0 ||| qw: Goals: Normal
     0 | D:1      | 0 ||| PLANNING D:1-11
   124 | D:1      | Reached XP level 2. HP: 16/16 MP: 4/4
   152 | D:1      | Reached skill level 6 in Ranged Weapons
   752 | D:1      | 752 ||| UPGRADING to +1 pair of gloves.
   757 | D:1      | 757 ||| READING scroll labelled ECVOJE QAUGENG.
   758 | D:1      | 758 ||| READING 2 scrolls labelled PEGRAOSOCIDD.
   758 | D:1      | 758 ||| IDENTIFYING 2 murky clear potions
   759 | D:1      | 759 ||| READING scroll of identify.
   759 | D:1      | 759 ||| IDENTIFYING scroll labelled MYIHAQ XIDI
   760 | D:1      | 760 ||| READING scroll labelled DIQEUMU JOCO.
   761 | D:1      | 761 ||| DROPPING scroll of butterflies.
   762 | D:1      | 762 ||| DROPPING 2 potions of lignification.
   785 | D:2      | Found Soyceol's General Store.
   790 | D:2      | Reached XP level 3. HP: 20/20 MP: 5/5
   799 | D:2      | 799 ||| SHOPLISTING +2 helmet of see invisible (279 gold,
                  | have 78).
   799 | D:2      | 799 ||| BUYING scroll of identify (26 gold).
   799 | D:2      | Bought a scroll of identify for 26 gold pieces
   997 | D:2      | Reached skill level 7 in Ranged Weapons
  1010 | D:2      | Found Koleppei's Armour Shop.
  1027 | D:2      | 1027 ||| BUYING +0 ring mail (48 gold).
  1027 | D:2      | Bought a +0 ring mail for 48 gold pieces
  1272 | D:2      | Found Gimups's Weapon Boutique.
  1317 | D:2      | Found Syuffi's Antique Armour Shoppe.
  1557 | D:2      | 1557 ||| UPGRADING to +0 ring mail.
  1567 | D:2      | 1567 ||| DROPPING +0 leather armour.
  1568 | D:2      | 1568 ||| UPGRADING to ring of positive energy.
  1569 | D:2      | 1569 ||| READING 2 scrolls of identify.
  1569 | D:2      | 1569 ||| IDENTIFYING blue potion
  1570 | D:2      | 1570 ||| READING scroll of identify.
  1570 | D:2      | 1570 ||| IDENTIFYING pink potion
  1571 | D:2      | 1571 ||| READING scroll labelled YWKIAM XAXOIM.
  1572 | D:2      | 1572 ||| READING scroll labelled DOAFUTOEBA.
  1673 | D:2      | 1673 ||| READING 3 scrolls labelled HINNUY MORHAEDGH.
  1707 | D:2      | 1707 ||| READING scroll labelled PEARCH JEKEHILU.
  1808 | D:2      | 1808 ||| DROPPING 2 scrolls of torment.
  1875 | D:3      | HP: 3/20 [gnoll/+0 club (4)]
  1875 | D:3      | Slain by a gnoll

Levels and vault maps discovered:
D:1:      lemuel_arrival_muddy, layout_basic
D:2:      layout_basic, serial_shops, nicolae_shop_hallway_stairs, shop,
          nicolae_square_shop, shop_fountains, serial_corexii_hall,
          corexii_hall_statues_x, corexii_hall_statues_s
D:3:      layout_basic, basic_ecumenical_altar

Skill      XL: |  1  2  3 |
---------------+----------+-----
Ranged Weapons | 6 7 |  7.4
Fighting       | |  1.5
Dodging        | |  2.4
Stealth        | |  1.2

Action                     || total
---------------------------++-------
   Fire: Shortbow          ||   120
    Use: Scroll            ||    10
 Armour: Leather armour    ||    16
         Ring mail         ||     5
  Dodge: Dodged            ||    24

Table legend:
 A = Non-vault XP
 B = Vault XP
 C = Vault XP percentage of total XP
 D = Non-vault monster count
 E = Vault monster count
 F = Vault count percentage of total count
                 A         B        C        D         E       F
            +---------+---------+-------+---------+---------+-------
      Total |      93 |       0 |   0.0 |      41 |       0 |   0.0
            +---------+---------+-------+---------+---------+-------
        D:1 |      39 |       0 |   0.0 |      23 |       0 |   0.0
        D:2 |      37 |       0 |   0.0 |      15 |       0 |   0.0
        D:3 |      17 |       0 |   0.0 |       3 |       0 |   0.0
            +---------+---------+-------+---------+---------+-------
